 Dungeon Crawl Stone Soup version 0.19.1-1-g22dce08 (webtiles) character file.

114 Kiturien the Stinger (level 4, -2/28 HPs)
             Began as an Octopode Venom Mage on Jan 14, 2017.
             Was an Initiate of Cheibriados.
             Slain by a phantom (9 damage)
             ... on level 4 of the Dungeon on Jan 15, 2017.
             The game lasted 00:14:07 (2753 turns).

Kiturien the Stinger (Octopode Venom Mage)          Turns: 2753, Time: 00:14:07

Health: -2/28      AC:  1    Str:  8    XL:     4   Next: 98%
Magic:  7/7        EV: 14    Int: 19    God:    Cheibriados [......]
Gold:   24         SH:  0    Dex: 13    Spells: 1 memorised, 7 levels left

rFire  . . .     SeeInvis +     g - +0 dagger
rCold  . . .     Gourm    .     (no shield)
rNeg   . . .     Faith    .     (helmet restricted)
rPois  .         Spirit   .     (no amulet)
rElec  .         Reflect  .     d - ring of see invisible
rCorr  .         Harm     .     (no ring)
MR     .....                    (no ring)
Stlth  +++.......               (no ring)
                                (no ring)
                                (no ring)
                                (no ring)
                                (no ring)

@: very slow
A: almost no armour, stealthy swim, amphibious, 8 rings, constrict 8, camouflage
1, gelatinous body 1
a: Bend Time, Renounce Religion


You were on level 4 of the Dungeon.
You worshipped Cheibriados.
Cheibriados was noncommittal.
You were not hungry.

You visited 1 branch of the dungeon, and saw 4 of its levels.

You collected 24 gold pieces.

Inventory:

Hand Weapons
 g - a +0 dagger (weapon)
 j - a +0 short sword
Missiles
 i - 23 poisoned needles
Jewellery
 d - a ring of see invisible (left tentacle)
Scrolls
 c - 2 scrolls of identify
 h - 5 scrolls of magic mapping
 k - a scroll of teleportation {unknown}
Potions
 e - 3 potions of curing {unknown}
Books
 a - a Young Poisoner's Handbook

   Spells                             Type                      Level
   a - Sting                          Conjuration/Poison           1
   b - Mephitic Cloud                 Conjuration/Poison/Air       3
   c - Olgreb's Toxic Radiance        Poison                       4
   d - Alistair's Intoxication        Transmutation/Poison         5
   e - Venom Bolt                     Conjuration/Poison           5
Comestibles
 b - a bread ration
 f - a meat ration


   Skills:
 * Level 1.3 Fighting
 + Level 0.6 Short Blades
 * Level 2.5 Dodging
 * Level 3.8 Stealth
 * Level 1.4 Unarmed Combat
 * Level 2.5 Spellcasting
 + Level 0.4 Conjurations
 * Level 5.2 Poison Magic


You had 7 spell levels left.
You knew the following spells:

 Your Spells              Type           Power        Failure   Level  Hunger
a - Sting                 Conj/Pois      ##..         8%          1    #......


Dungeon Overview and Level Annotations

Branches:
Dungeon (4/15)
 Temple: D:4-7

Altars:
Cheibriados
Qazlal


Innate Abilities, Weirdness & Mutations

You cannot wear most types of armour.
You are very stealthy in the water. (Stealth+)
You are amphibious.
You can wear up to eight rings at the same time.
You can use your tentacles to constrict eight enemies at once.
Your skin changes colour to match your surroundings (Stealth+).
Your rubbery body absorbs attacks. (AC +1, EV +1)


Message History

The phantom is heavily damaged.
The phantom misses you.
You hit the phantom but do no damage.
You squeeze the phantom, but do no damage.
The phantom is heavily damaged.
The phantom hits you.
You hit the phantom but do no damage. Your squeeze misses the phantom.
The phantom is heavily damaged.
The phantom hits you but does no damage.
You completely miss the phantom.
The phantom is heavily damaged.
The phantom hits you.
You barely miss the phantom.
The phantom is heavily damaged.
The phantom hits you!
* * * LOW HITPOINT WARNING * * *
You hit the phantom but do no damage. You squeeze the phantom.
The phantom is heavily damaged.
The phantom hits you!
You die...

#### #.##############.....#
#.....†...........##.#.
#......)..........
#................
#................ ####
#.W..........##.#.# .....
#..@.........##.#.#
.....#######............##.#.#
................######.###.#.#
................# #.....##.#.#
................# #.######.#.#
..<.............# #.#......#.#
................# #.#.#...##.#
.....##...####### #.......'..#
.... #...# ###.#...#####


You could see a phantom.

Vanquished Creatures
  2 hounds (D:4)
  An adder (D:3)
  An ooze (D:3)
  2 worms (D:2)
  2 leopard geckos
  An orc (D:3)
  2 ball pythons
  2 giant cockroaches
  3 goblins
  A hobgoblin (D:2)
  4 kobolds
  7 bats
  3 frilled lizards
  A jackal skeleton (D:4)
  4 rats
36 creatures vanquished.

Notes
Turn   | Place    | Note
-------+----------+-------------------------------------------
     0 | D:1      | Kiturien the Octopode Venom Mage began the quest for the Orb.
     0 | D:1      | Reached XP level 1. HP: 11/11 MP: 3/3
     6 | D:1      | Noticed a polar bear
     6 | D:1      | Noticed a crocodile
     6 | D:1      | Noticed a wyvern
     7 | D:1      | Noticed a redback
   122 | D:1      | Reached skill level 5 in Poison Magic
   215 | D:1      | Reached XP level 2. HP: 16/17 MP: 3/5
  1147 | D:2      | Reached XP level 3. HP: 20/22 MP: 6/6
  1356 | D:2      | Found a snail-covered altar of Cheibriados.
  1370 | D:2      | Became a worshipper of Cheibriados the Contemplative
  2247 | D:3      | Found a stormy altar of Qazlal.
  2494 | D:4      | Reached skill level 1 in Fighting
  2494 | D:4      | Reached skill level 1 in Unarmed Combat
  2494 | D:4      | Reached XP level 4. HP: 21/28 MP: 7/7
  2620 | D:4      | Noticed a phantom
  2753 | D:4      | Slain by a phantom

Skill      XL: |  1  2  3 |
---------------+----------+-----
Poison Magic   | 5 |  5.2
Stealth        | 3 |  3.8
Fighting       | 1 |  1.3
Unarmed Combat | 1 |  1.4
Short Blades   | |  0.6
Dodging        | |  2.5
Spellcasting   | |  2.5
Conjurations   | |  0.4

Action                   |  1- 3 |  4- 6 || total
-------------------------+-------+-------++-------
Melee: Unarmed           |    24 |       ||    24
       Constrict         |    18 |     2 ||    20
       Tentacles         |    12 |     5 ||    17
       Dagger            |    58 |    22 ||    80
 Cast: Sting             |    25 |       ||    25
  Use: Scroll            |     4 |       ||     4
       Potion            |     2 |       ||     2
 Stab: Sleeping          |     8 |     2 ||    10
  Eat: Bread ration      |     2 |       ||     2
Armor: Skin              |    10 |     1 ||    11
Dodge: Dodged            |    36 |     8 ||    44
